 Dungeon Crawl Stone Soup version 0.21-a0-504-g2eda330 (webtiles) character file.

11 esteth the Skirmisher (level 2, 0/24 HPs)
             Began as a Demonspawn Abyssal Knight on Nov 26, 2017.
             Was a Follower of Lugonu.
             Slain by a jackal (2 damage)
             ... on level 1 of the Dungeon.
             The game lasted 00:01:07 (159 turns).

esteth the Skirmisher (Demonspawn Abyssal Knight)    Turns: 159, Time: 00:01:08

Health: 0/24       AC:  3    Str: 12    XL:     2   Next: 17%
Magic:  4/4        EV: 11    Int: 13    God:    Lugonu [*.....]
Gold:   14         SH:  4    Dex: 12    Spells: 1/1 levels left

rFire    . . .     SeeInvis .   a - +1 spear
rCold    . . .     Gourm    .   (no shield)
rNeg     . . .     Faith    .   b - +0 leather armour
rPois    .         Spirit   .   (no helmet)
rElec    .         Reflect  .   (no cloak)
rCorr    .         Harm     .   (no gloves)
MR       .....                  (no boots)
Stlth    +.........             (no amulet)
HPRegen  0.08/turn              (no ring)
MPRegen  0.09/turn              (no ring)

@: no status effects
A: large bone plates 1
a: Depart the Abyss, Renounce Religion


You were on level 1 of the Dungeon.
You worshipped Lugonu.
Lugonu was aware of your devotion.
You were not hungry.

You visited 1 branch of the dungeon, and saw 1 of its levels.
You visited the Abyss 1 time.

You collected 14 gold pieces.

Inventory:

Hand Weapons
 a - a +1 spear (weapon)
Armour
 b - a +0 leather armour (worn)
Jewellery
 f - a cursed ring of loudness {unknown}
Scrolls
 g - a scroll of fog {unknown}
Potions
 e - a potion of curing {unknown}
Comestibles
 c - a bread ration
 d - 8 chunks of flesh


   Skills:
 + Level 3.1 Fighting
 + Level 2.0 Polearms
 + Level 2.0 Armour
 + Level 1.1 Dodging
 + Level 2.7 Invocations


You had one spell level left.
You didn't know any spells.

Dungeon Overview and Level Annotations

Branches:
Dungeon (1/15)

Altars:


Innate Abilities, Weirdness & Mutations

You are partially covered in large bone plates. (SH +4)


Message History

You are too injured to fight recklessly!
The jackal barely misses you. The jackal bites you.
You hit the jackal.
You kill the jackal!
Lugonu accepts your kill.
Your Armour skill increases to level 2!
The jackal bites you.
You barely miss the jackal. The jackal bites you.
* * * LOW HITPOINT WARNING * * *
The jackal bites you.
* * * LOW HITPOINT WARNING * * *
Unknown command.
You hit the jackal but do no damage. The jackal bites you.
* * * LOW HITPOINT WARNING * * *
You barely miss the jackal. The jackal closely misses you.
The jackal bites you but does no damage.
You hit the jackal.
The jackal is moderately wounded.
The jackal bites you.
You die...

###### # .....########
..
............#########.#
.###.#####.....^......#
####.# #..#.........#
.....# ##..#....####.#
###..####...##.#.##
...............h.?#
###.#.###..###[#@##
#.#.# #..# #.###
###.#.###..# #.#
..♣≈≈≈.....# #.#
#.≈≈♣≈≈##.## #.#
#..P≈P.##.# ..###..# .#
#.###.### #........


You could see a jackal.

Vanquished Creatures
  A dart slug (D:1)
  A goblin (D:1)
  2 hobgoblins (D:1)
  3 jackals (D:1)
  A rat (D:1)
8 creatures vanquished.

Notes
Turn   | Place    | Note
-------+----------+-------------------------------------------
     0 | Abyss:1  | esteth the Demonspawn Abyssal Knight began the quest for the Orb.
     0 | Abyss:1  | Reached XP level 1. HP: 18/18 MP: 2/2
    15 | D:1      | Escaped the Abyss
    27 | D:1      | Reached skill level 1 in Dodging
   146 | D:1      | Gained mutation: You are partially covered in large bone plates. (SH +4) [demonic ancestry]
   146 | D:1      | Reached XP level 2. HP: 21/24 MP: 4/4
   159 | D:1      | Slain by a jackal

Vault maps used:
D:1:      sevenhm_arrival_forest_fort_small_4, serial_bayou,
          serial_bayou_lake_a, serial_bayou_pond_e, serial_bayou_ford_a,
          serial_bayou_pond_e

Skill      XL: |  1  2 |
---------------+-------+-----
Dodging        | 1 |  1.1
Polearms       | 2 |  2.0
Armour         | 2 |  2.0
Fighting       | |  3.1
Invocations    | |  2.7

Action                   || total
-------------------------++-------
Melee: Spear             ||    38
Armor: Leather armour    ||    10
Dodge: Dodged            ||    23
Block: Other             ||     2

Table legend:
 A = Spawn XP
 B = Non-spawn XP
 C = Spawn XP percentage of total XP
 D = Spawn monster count
 E = Non-spawn monster count
 F = Spawn count percentage of total count
 G = Total turns spent on level
                    A         B        C        D         E        F      G
               +---------+---------+-------+---------+---------+-------+---------
         Total |       0 |      17 |   0.0 |       0 |       8 |   0.0 |   159
               +---------+---------+-------+---------+---------+-------+---------
           D:1 |       0 |      17 |   0.0 |       0 |       8 |   0.0 |   144
               +---------+---------+-------+---------+---------+-------+---------
